 Dungeon Crawl Stone Soup version 0.16.1 (webtiles) character file.

119 Fiveotanaka the Cudgeler (level 4, -3/37 HPs)
             Began as a Minotaur Gladiator on Mar 24, 2015.
             Killed from afar by Sigmund (10 damage)
             ... with a puff of flame
             ... on level 2 of the Dungeon.
             The game lasted 00:01:39 (1698 turns).

Fiveotanaka the Cudgeler (Minotaur Gladiator)       Turns: 1698, Time: 00:01:39

Health: -3/37      AC:  8    Str: 19    XL:     4   Next: 73%
Magic:  2/2        EV: 11    Int:  5    God:
Gold:   64         SH:  0    Dex: 12    Spells: 0 memorised, 3 levels left

rFire  . . .     SeeInvis .     l - +0 morningstar
rCold  . . .     Clarity  .     m - +0 scale mail {rN+}
rNeg   + . .     SustAb   .     (no shield)
rPois  .         Gourm    .     c - +0 hat
rElec  .         Spirit   .     r - +1 cloak
rCorr  .         Warding  .     (no gloves)
rMut   .         Stasis   .     (no boots)
MR     .....                    (no amulet)
Stlth  ..........               (no ring)
                                (no ring)

@: not resistant to hostile enchantments, extremely unstealthy
A: retaliatory headbutt, horns 2
a: no special abilities


You were on level 2 of the Dungeon.
You were hungry.

You visited 1 branch of the dungeon, and saw 2 of its levels.

You collected 64 gold pieces.

Inventory:

Hand weapons
 a - a +0 flail
 l - a +0 morningstar (weapon)
Missiles
 d - 3 throwing nets (quivered)
Armour
 c - a +0 hat (worn)
 m - a +0 scale mail of positive energy (worn)
 r - a +1 cloak (worn)
Scrolls
 b - a scroll of identify {unknown}
 e - 2 scrolls of teleportation {unknown}
 h - 2 scrolls of remove curse {unknown}
Potions
 i - a potion of haste {unknown}
 j - 2 potions of curing {unknown}
 k - a potion of restore abilities {unknown}
 o - 2 potions of magic {unknown}
 p - a potion of poison {unknown}
Comestibles
 f - 3 bread rations
 g - 2 fruits
 q - a beef jerky
 s - a royal jelly


   Skills:
 - Level 2.4 Fighting
 + Level 6.6 Maces & Flails
 - Level 2.0 Throwing
 - Level 3.2 Dodging


You had 3 spell levels left.
You didn't know any spells.

Dungeon Overview and Level Annotations

Branches:
Dungeon (2/15)

Altars:

Annotations:
D:2 Sigmund


Innate Abilities, Weirdness & Mutations

You reflexively headbutt those who attack you in melee.
You have a pair of horns on your head.


Message History

No target in view!
No target in view!
You miss something. You headbutt something. Something hits you!
You miss something. You headbutt something.
You are feeling hungry.
Something hits you.
You miss something. Your headbutt misses something.
Something hits you but does no damage.
You miss something. Your headbutt misses something. You closely miss something.
Something hits you.
You hit something but do no damage. You headbutt something. Something hits you.
* * * LOW HITPOINT WARNING * * *
x2 You hit something!
You barely miss something. Something hits you.
* * * LOW HITPOINT WARNING * * *
x2 You hit something.
You headbutt something.
You hear some strange, mumbled words.
A puff of flame appears from out of thin air!
The puff of flame hits you!
You die...

#### #### ##..# #######
######...# #.....#
..........
###########.....#
............
.........>......####.#
####.....
..#########......)...#
###...# ..######
#.....@{...# ####...#.#
...[...#########.....#
#....###.# .#####.##.#
###.....# #.######.#
..####....#
#.#########.###<...#
..........#
#.#..##.....#......#
...##.....#
#..#.............#
########..#
##................
#..########...............
#####
#........##...............


There were no monsters in sight!

Vanquished Creatures
  Crazy Yiuf (D:2)
  Terence (D:2)
  3 adders (D:2)
  A worm (D:2)
  A giant gecko (D:2)
  An ooze (D:1)
  8 bats
  A giant cockroach (D:2)
  9 goblins
  3 hobgoblins
  2 quokkas (D:2)
  A giant newt (D:2)
  5 kobolds
  5 rats
42 creatures vanquished.

Notes
Turn   | Place    | Note
--------------------------------------------------------------
     0 | D:1      | Fiveotanaka, the Minotaur Gladiator, began the quest for the Orb.
     0 | D:1      | Reached XP level 1. HP: 18/18 MP: 1/1
   205 | D:1      | Reached skill level 4 in Maces & Flails
   287 | D:1      | Reached XP level 2. HP: 25/25 MP: 1/1
   665 | D:2      | Reached skill level 5 in Maces & Flails
   665 | D:2      | Reached XP level 3. HP: 20/30 MP: 2/2
   982 | D:2      | Noticed Terence
   988 | D:2      | Killed Terence
  1107 | D:2      | Reached XP level 4. HP: 37/37 MP: 2/2
  1109 | D:2      | Reached skill level 6 in Maces & Flails
  1224 | D:2      | Noticed Crazy Yiuf
  1230 | D:2      | Killed Crazy Yiuf
  1684 | D:2      | Noticed Sigmund
  1698 | D:2      | Killed from afar by Sigmund

Action                   |  1- 3 |  4- 6 || total
-------------------------+-------+-------++-------
Melee: Flail             |    57 |       ||    57
       Morningstar       |    11 |    31 ||    42
  Eat: Chunk             |     1 |     1 ||     2
